 Dungeon Crawl Stone Soup version 0.31-a0-152-g6aa68a64a1 (webtiles) character file.

Game seed: 18393642301664623984

1545 Hajna the Chopper (level 8, -7/102 HPs)
             Began as a Hill Orc Monk on June 3, 2023.
             Was a Believer of Beogh.
             Mangled by an orc warrior
             ... wielding a +0 halberd
              (12 damage)
             ... on level 6 of the Dungeon on June 10, 2023.
             The game lasted 00:53:26 (3491 turns).

Hajna the Chopper (Hill Orc Monk)                   Turns: 3491, Time: 00:53:26

Health: -7/102     AC:  3    Str: 16    XL:     8   Next: 87%
Magic:  10/12      EV: 13    Int: 10    God:    Beogh [**....]
Gold:   246        SH:  5    Dex: 17    Spells: 9/13 levels left

rFire   + + .        A - +10 spear "Cemetz" {pain, Drain rF++ Dex+4}
rCold   . . .        (no shield)
rNeg    . . .        b - +0 robe
rPois   .            (no helmet)
rElec   .            (no cloak)
rCorr   .            t - +0 pair of gloves
SInv    .            (no boots)
Will    .....        C - amulet of reflection Stlth
                     (no ring)
HPRegen 0.37/turn    (no ring)
MPRegen 0.13/turn

%: reflection
@: berserking, very quick
A: no striking features
a: Renounce Religion, Smiting


You were on level 6 of the Dungeon.
You worshipped Beogh.
Beogh was pleased with you.
You visited 1 branch of the dungeon, and saw 6 of its levels.

You collected 246 gold pieces.

Inventory:

Hand Weapons
 a - a +0 hand axe
 g - a +3 scythe
 p - a +0 dagger of flaming
 r - a +2 short sword of distortion
 v - a +0 orcbow
 y - a +1 whip of electrocution
 A - the +10 spear "Cemetz" (weapon) {pain, Drain rF++ Dex+4}
   (You found it on level 4 of the Dungeon)

   Dex:       It affects your dexterity (+4).
   rF:        It greatly protects you from fire.
   Drain:     It drains your maximum health when unequipped.
Missiles
 n - 15 stones
 F - 2 throwing nets
Armour
 b - a +0 robe (worn)
 d - an orb of light
 f - a +0 scale mail
 t - a +0 pair of gloves (worn)
Jewellery
 C - an amulet of reflection (around neck)
Wands
 B - a wand of flame (3)
Scrolls
 e - 3 scrolls of teleportation
 i - a scroll of vulnerability {unknown}
 j - a scroll of fog {unknown}
 k - a scroll of immolation {unknown}
 o - 2 scrolls of brand weapon {unknown}
 q - a scroll of amnesia {unknown}
 s - a scroll of noise
 u - a scroll of blinking {unknown}
 x - a scroll of fear
 E - a scroll of enchant weapon {unknown}
Potions
 c - a potion of ambrosia
 h - a potion of enlightenment
 l - a potion of berserk rage
 m - 2 potions of cancellation
 w - 2 potions of mutation {unknown}
 z - a potion of haste {unknown}
 D - a potion of curing
 G - a potion of degeneration {unknown}


   Skills:
 + Level 5.0 Fighting
 + Level 6.4(7.3) Axes
 + Level 4.2(5.5) Polearms
 + Level 1.4 Armour
 + Level 3.4 Dodging
 + Level 1.6 Stealth
 + Level 1.0 Shields
 + Level 3.2 Spellcasting
 * Level 5.6 Summonings
 + Level 0.7 Evocations


You had 9 spell levels left.
You knew the following spells:

 Your Spells              Type           Power      Damage    Failure   Level
a - Summon Small Mammal   Summ           48%        N/A       2%          1
b - Call Canine Familiar  Summ           12%        N/A       9%          3

Your spell library contained the following spells:

 Spells                   Type           Power      Damage    Failure   Level
 Summon Guardian Golem    Hex/Summ       7%         N/A       26%         3
 Ensorcelled Hibernation  Hex/Ice        2%         N/A       38%         2
 Passwall                 Tmut/Erth      0%         N/A       38%         2
 Swiftness                Air            1%         N/A       63%         3


Dungeon Overview and Level Annotations

Branches:
Dungeon (6/15)             Temple (0/1) D:5

Altars:
Ashenzari


Message History

You hit the orc warrior but do no damage.
The orc warrior is almost dead.
The orc misses you. The orc warrior closely misses you.
You hit the orc warrior but do no damage.
The orc warrior is almost dead.
The orc hits you from afar with a +3 trident.
The orc warrior hits you with a +0 long sword of holy wrath.
You hit the orc warrior but do no damage.
The orc warrior is almost dead.
The orc hits you from afar with a +3 trident!
* * * LOW HITPOINT WARNING * * *
The orc warrior closely misses you.
You hit the orc but do no damage. You hit the orc.
You punch the orc, but do no damage.
The orc is moderately wounded.
The orc attacks as you move away! The orc closely misses you.
You hit the orc.
The orc is heavily wounded.
You barely miss the orc warrior.
The orc warrior is almost dead.
You block the orc's attack.
You hit the orc warrior but do no damage.
The orc warrior is almost dead.
The orc barely misses you.
The orc warrior hits you with a +0 long sword of holy wrath.
* * * LOW HITPOINT WARNING * * *
You hit the orc warrior but do no damage.
The orc warrior is almost dead.
You hit the orc warrior but do no damage.
The orc warrior is almost dead.
The orc hits you from afar with a +3 trident.
* * * LOW HITPOINT WARNING * * *
You block the orc warrior's attack.
The orc warrior hits you from afar with a +0 halberd!
* * * LOW HITPOINT WARNING * * *
A red film seems to cover your vision as you go berserk!
You feel yourself moving faster!
You feel mighty! The orc closely misses you.
The orc warrior hits you from afar with a +0 halberd!
You die...
Beogh appreciates the orc warrior's killing of a heretic priest.

..#........#####.........#
..........## #...####.# #.##
#.#.###.#.# #...# . #...
##.#.###.#.# #...# .#.... #
...#.##o.#.# #...# ...... .. .
...##.##.# #...#####..... .. #
#.##.##.# ###o.....#.##.#..#
####.......# #....###.#.##.#..#
...o....##.#####@##.#...........#
####.##...#...##o##)#.#.#.##.#.##
####.##.##.##.##oo......#......#
.s...##.##.##.####†##.######.###
#######.##.##.........######.###
#.##.##.####†####........#
#...†...# #.# #..###...#
#.......# #.# #. ##....#
####†#### ... #. #..#..#


You could see 2 orc warriors and 2 orcs.

Vanquished Creatures
  The ghost of paps the Caller, an amateur OpSu (D:4)
  Sigmund (D:2)
  A water moccasin (D:6)
  A black bear (D:6)
  2 ogres
  A centaur (D:3)
  2 phantoms
  2 scorpions (D:5)
  An orc priest (D:5)
  A hound (D:5)
  An iguana (D:5)
  An orc wizard (D:5)
  2 gnolls (D:5)
  5 adders
  2 shadow imps (D:4)
  An ufetubus (D:5)
  2 worms (D:4)
  5 orcs
  4 endoplasms
  6 goblins
  4 hobgoblins
  8 jackals
  8 kobolds
  A quokka (D:4)
  6 ball pythons
  3 bats
  2 frilled lizards (D:2)
  2 rats
76 creatures vanquished.

Vanquished Creatures (collateral kills)
  A water moccasin (D:6)
  A scorpion (D:6)
  2 hounds
  A gnoll (D:5)
  An orc (D:5)
  2 bats
  A goblin (D:4)
  A kobold (D:1)
  A ball python (D:3)
11 creatures vanquished.

Vanquished Creatures (others)
  A shadow imp (D:4)
1 creature vanquished.

Grand Total: 88 creatures vanquished

Notes
Turn   | Place    | Note
-------+----------+-------------------------------------------
     0 | D:1      | Hajna the Hill Orc Monk began the quest for the Orb.
     0 | D:1      | Reached XP level 1. HP: 19/19 MP: 1/1
   109 | D:1      | Upgraded the game from 0.31-a0-142-g31f6795574 to
                  | 0.31-a0-152-g6aa68a64a1
   330 | D:1      | Reached XP level 2. HP: 27/27 MP: 2/2
   424 | D:1      | Learned a level 1 spell: Summon Small Mammal
   873 | D:2      | Reached XP level 3. HP: 33/33 MP: 3/3
   891 | D:2      | Noticed Sigmund
  1072 | D:2      | Reached skill level 1 in Armour
  1246 | D:2      | Killed Sigmund
  1247 | D:2      | Reached skill level 6 in Axes
  1247 | D:2      | Reached skill level 1 in Spellcasting
  1247 | D:2      | Reached XP level 4. HP: 16/41 MP: 3/5
  1247 | D:2      | Reached XP level 5. HP: 18/47 MP: 3/6
  1568 | D:3      | You fall into a shaft and drop 1 floor!
  1606 | D:4      | Reached skill level 1 in Summonings
  1662 | D:4      | Reached XP level 6. HP: 37/53 MP: 5/7
  1672 | D:4      | Found a broken altar of Ashenzari.
  1691 | D:4      | Found a transporter.
  1880 | D:3      | Reached skill level 1 in Polearms
  2187 | D:4      | Found a transporter.
  2234 | D:4      | Found a large runed translucent door.
  2234 | D:4      | Found a large runed translucent door.
  2236 | D:4      | Noticed paps's ghost (amateur OpSu)
  2286 | D:4      | Learned a level 3 spell: Call Canine Familiar
  2347 | D:4      | Identified the +10 spear "Cemetz" {pain, Drain rF++ Dex+4}
  2572 | D:4      | Killed paps's ghost
  2573 | D:4      | Reached skill level 1 in Stealth
  2573 | D:4      | Reached XP level 7. HP: 39/60 MP: 7/10
  2662 | D:4      | Became a worshipper of Beogh the Brigand
  2662 | D:4      | Reached * piety under Beogh
  2662 | D:4      | Reached ** piety under Beogh
  2755 | D:5      | Entered Level 5 of the Dungeon
  2860 | D:5      | Found a staircase to the Ecumenical Temple.
  2923 | D:5      | Reached XP level 8. HP: 20/67 MP: 8/11
  3358 | D:6      | Reached skill level 5 in Fighting
  3375 | D:6      | Reached skill level 5 in Summonings
  3380 | D:6      | Reached skill level 1 in Shields
  3490 | D:6      | HP: 3/68 [orc warrior/+0 halberd (9)]
  3491 | D:6      | Mangled by an orc warrior

Illustrated notes

Levels and vault maps discovered:
D:1:      dpeg_arrival_round_a, layout_basic
D:2:      layout_loops_ring, uniq_sigmund
D:3:      layout_loops_cross
D:4:      gammafunk_wand_slinger, layout_cave_pools,
          mainiacjoe_overflow_chevrons, ebering_ghost_disaster_area
D:5:      layout_cave_pools, minmay_temple_entry_glassed_door, serial_rivers,
          chequers_serial_rivers_room_b, chequers_serial_rivers_room_a,
          chequers_serial_rivers_large_a, chequers_serial_rivers_small_3
D:6:      layout_loops_cross, minitemple, minivault_24, grunt_ministairs_9

Skill      XL: |  1  2  3  4  5  6  7  8 |
---------------+-------------------------+-----
Fighting       | 4 5 |  5.0
Armour         | 1 |  1.4
Axes           | 6 |  6.4
Spellcasting   | 1 2 3 |  3.2
Summonings     | 1 3 4 5 |  5.6
Polearms       | 2 3 4 |  4.2
Dodging        | 3 |  3.4
Stealth        | 1 |  1.6
Shields        | 1 |  1.0
Evocations     | |  0.7

Action                     |  1- 3 |  4- 6 |  7- 9 || total
---------------------------+-------+-------+-------++-------
  Melee: Hand axe          |    71 |       |       ||    71
         Halberd           |       |    81 |       ||    81
         Spear             |       |    12 |   118 ||   130
         Punch             |       |       |     2 ||     2
   Cast: Summon Small Mamm |     5 |    33 |    16 ||    54
         Call Canine Famil |       |       |    12 ||    12
 Invoke: Convert to Beogh  |       |       |     1 ||     1
  Evoke: Wand              |       |       |     9 ||     9
    Use: Scroll            |     1 |     6 |     2 ||     9
         Potion            |     1 |     2 |     2 ||     5
   Stab: Distracted        |       |     2 |     2 ||     4
 Armour: Scale mail        |     9 |       |       ||     9
         Robe              |     5 |    27 |     5 ||    37
  Dodge: Dodged            |    34 |    57 |    38 ||   129
  Block: Other             |       |       |    20 ||    20

Table legend: (Time is in decaauts)
 A = Elapsed time spent in this place.
 B = Non-inter-level travel time spent in this place.
 C = Inter-level travel time spent in this place.
 D = Time resting spent in this place.
 E = Time spent auto-exploring this place.
 F = Levels seen in this place.
 G = Mean time per level.
                   A        B        C        D        E       F      G
               +--------+--------+--------+--------+--------+-----+--------+
         Total |   3507 |   1073 |   2434 |      0 |    100 |   6 |  584.5 |
       Dungeon |   3507 |   1073 |   2434 |      0 |    100 |   6 |  584.5 |
               +--------+--------+--------+--------+--------+-----+--------+

Top non-repeatable levels by time:
     D:4: 852 daAuts
     D:1: 778 daAuts
     D:2: 599 daAuts
     D:3: 555 daAuts
     D:5: 539 daAuts
     D:6: 182 daAuts
